 Dungeon Crawl Stone Soup version 0.31-a0-569-g7ea453304b (webtiles) character file.

Game seed: 11001833912582242351

19 Ethylacetat the Ducker (level 2, -2/20 HPs)
             Began as an Octopode Gladiator on Aug 18, 2023.
             Slain by a gnoll
             ... wielding a +0 club
              (3 damage)
             ... on level 2 of the Dungeon.
             The game lasted 00:00:24 (357 turns).

Ethylacetat the Ducker (Octopode Gladiator)          Turns: 357, Time: 00:00:24

Health: -2/20      AC:  1    Str: 13    XL:     2   Next: 75%
Magic:  2/2        EV: 14    Int: 10    God:
Gold:   62         SH:  0    Dex: 13    Spells: 1/1 levels left

rFire   . .          .
                       - Unarmed
rCold   . . .        (no shield)
rNeg    . . .        a - +0 hat
rPois   .            (no amulet)
rElec   .            (no ring)
rCorr   .            (no ring)
SInv    .            (no ring)
Will    .....        (no ring)
Stlth   ++           (no ring)
HPRegen 0.23/turn    (no ring)
MPRegen 0.08/turn    (no ring)
                     (no ring)

%: no passive effects
@: no status effects
A: almost no armour, amphibious, 8 rings, camouflage 1, gelatinous body 1,
(nimble swimmer 1), tentacles
a: no special abilities


You were on level 2 of the Dungeon.
You visited 1 branch of the dungeon, and saw 2 of its levels.

You collected 62 gold pieces.

Inventory:

Missiles
 b - 3 throwing nets (quivered)
 c - 4 javelins
Armour
 a - a +0 hat (worn)
Scrolls
 d - 2 scrolls of identify {unknown}
 f - a scroll of silence {unknown}
 g - a scroll of enchant weapon {unknown}
Potions
 e - a potion of ambrosia {unknown}
 h - a potion of attraction {unknown}


   Skills:
 + Level 2.5 Fighting
 - Level 2.0 Throwing
 + Level 3.3 Dodging
 + Level 3.2 Unarmed Combat


You had one spell level left.
You didn't know any spells.
Your spell library was empty.

Dungeon Overview and Level Annotations

Branches:
Dungeon (2/15)

Altars:


Innate Abilities, Weirdness & Mutations

You cannot wear most types of armour.
You are amphibious.
You can wear up to eight rings at the same time.
Your skin changes colour to match your surroundings (Stealth+).
Your rubbery body absorbs attacks. (AC +1, EV +1)
((You are camouflaged when in or above water. (Stealth+)))
You have tentacles for arms and can constrict up to eight enemies at once.


Message History

There are monsters nearby!
You closely miss the ball python. You grab the ball python.
You constrict the ball python. The ball python barely misses you.
The ball python grabs you. The ball python constricts you.
You tentacle-slap the ball python.
You kill the ball python!
The kobold closely misses you.
A kobold is nearby!
You tentacle-slap the kobold.
You kill the kobold!
No target in view!
You see here a ball python corpse.
Done exploring.
No target in view!
Done exploring.
No target in view!
Done exploring.
No target in view!
Done exploring.
No target in view!
Done exploring.
There is a stone staircase leading down here.
You climb downwards.
The gnoll shouts!
Found a buckler and 7 gold pieces.
There is a stone staircase leading up here.
You closely miss the gnoll.
The adder hisses angrily.
You grab the gnoll. You constrict the gnoll. The gnoll hits you with a +0 whip!
You tentacle-slap the gnoll.
The gnoll is heavily wounded.
You constrict the gnoll. The gnoll hits you with a +0 whip.
A rat comes into view.
The gnoll closely misses you.
You are too injured to fight recklessly!
You release your grip on the gnoll.
The gnoll barely misses you. The gnoll hits you with a +0 whip!
* * * LOW HITPOINT WARNING * * *
The gnoll hits you with a +0 club.
You die...

### . #$. ...
#.# ##
....###.# ..
[.......#.#
.......@..#
......ggg......
.....S...######
..........
..........#
.r........#
..........#
####......#


You could see 3 gnolls, an adder and a rat (wandering).

Vanquished Creatures
  A ball python (D:1)
  An endoplasm (D:1)
  A giant cockroach (D:1)
  3 goblins (D:1)
  4 hobgoblins (D:1)
  2 bats (D:1)
  3 kobolds (D:1)
  3 rats (D:1)
18 creatures vanquished.

Notes
Turn   | Place    | Note
-------+----------+-------------------------------------------
     0 | D:1      | Ethylacetat the Octopode Gladiator began the quest for the
                  | Orb.
     0 | D:1      | Reached XP level 1. HP: 14/14 MP: 1/1
   125 | D:1      | Reached XP level 2. HP: 15/19 MP: 2/2
   357 | D:2      | HP: 1/20 [gnoll/+0 whip (8)]
   357 | D:2      | Slain by a gnoll

Illustrated notes

Levels and vault maps discovered:
D:1:      minmay_arrival_arboretum_small, layout_rooms
D:2:      layout_basic, serial_shops, nicolae_shop_stone, uniq_sigmund,
          uniq_robin

Action                     || total
---------------------------++-------
  Melee: Unarmed           ||    29
         Constrict         ||    10
         Tentacles         ||     5
   Stab: Distracted        ||     1
         Sleeping          ||     1
 Armour: Skin              ||     1
  Dodge: Dodged            ||    18

Table legend: (Time is in decaauts)
 A = Elapsed time spent in this place.
 B = Non-inter-level travel time spent in this place.
 C = Inter-level travel time spent in this place.
 D = Time resting spent in this place.
 E = Time spent auto-exploring this place.
 F = Levels seen in this place.
 G = Mean time per level.
                   A        B        C        D        E       F      G
               +--------+--------+--------+--------+--------+-----+--------+
         Total |    355 |    345 |     10 |      0 |    254 |   2 |  177.5 |
       Dungeon |    355 |    345 |     10 |      0 |    254 |   2 |  177.5 |
               +--------+--------+--------+--------+--------+-----+--------+

Top non-repeatable levels by time:
     D:1: 352 daAuts
     D:2: 2 daAuts
